 Dungeon Crawl Stone Soup version 0.27.0-1-g7a089689b8 (webtiles) character file.

Game seed: 12856966939868411834

144 SnakkuSnakku7 the Chucker (level 5, -5/35 HPs)
             Began as a Vampire Hedge Wizard on Aug 14, 2021.
             Slain by Sigmund (9 damage)
             ... on level 3 of the Dungeon.
             The game lasted 00:03:47 (2000 turns).

SnakkuSnakku7 the Chucker (Vampire Hedge Wizard)    Turns: 2000, Time: 00:03:48

Health: -5/35      AC: 13    Str: 10    XL:     5   Next: 5%
Magic:  9/9        EV:  4    Int: 16    God:
Gold:   58         SH:  0    Dex: 14    Spells: 7/10 levels left

rFire    . . .     SeeInvis +   a - +0 halberd
rCold    + . .     Faith    .   (shield currently unavailable)
rNeg     . . .     Spirit   .   g - +2 chain mail {rC+}
rPois    .         Reflect  .   c - +0 hat
rElec    .         Harm     .   (no cloak)
rCorr    .         Rampage  .   k - +2 pair of gloves
Will     .....                  (no boots)
Stlth    ..........             (no amulet)
HPRegen  0.31/turn              (no ring)
MPRegen  0.11/turn              (no ring)

@: on berserk cooldown, healing quickly, slowed, very slow
A: alive, fangs 3, see invisible, vampiric 2
a: Exsanguinate


You were on level 3 of the Dungeon.
You visited 1 branch of the dungeon, and saw 3 of its levels.

You collected 58 gold pieces.

Inventory:

Hand Weapons
 a - a +0 halberd (weapon)
 f - a +0 short sword
 i - a +0 dagger
Missiles
 d - 14 poisoned darts (quivered)
Armour
 c - a +0 hat (worn)
 e - a +0 chain mail
 g - a +2 chain mail of cold resistance (worn)
 k - a +2 pair of gloves (worn)


   Skills:
 + Level 1.0 Polearms
 + Level 3.3 Throwing
 - Level 2.1 Dodging
 - Level 3.0 Stealth
 - Level 3.0 Spellcasting
 - Level 0.6 Conjurations
 - Level 2.4 Hexes
 - Level 1.0 Summonings
 - Level 0.7 Translocations


You had 7 spell levels left.
You knew the following spells:

 Your Spells              Type           Power      Damage    Failure   Level
a - Magic Dart            Conj           16%        1d3       100%        1
z - Slow                  Hex            10%        N/A       100%        2

Your spell library contained the following spells:

 Spells                   Type           Power      Damage    Failure   Level
 Blink                    Tloc           N/A        N/A       100%        2
 Call Imp                 Summ           5%         N/A       100%        2
 Conjure Flame            Conj/Fire      3%         6-21      100%        3
 Mephitic Cloud           Conj/Pois/Air  3%         N/A       100%        3
 Tukima's Dance           Hex            10%        N/A       100%        3
 Passage of Golubria      Tloc           N/A        N/A       100%        4
 Yara's Violent Unravell  Hex/Tmut       3%         3d4       100%        5


Dungeon Overview and Level Annotations

Branches:
Dungeon (3/15)

Altars:

Annotations:
D:3 Sigmund


Innate Abilities, Weirdness & Mutations

Your natural rate of healing is accelerated.
You have razor-sharp teeth.
You have supernaturally acute eyesight. (SInv)
You are afflicted with vampirism and can become a bat while bloodless.


Message History

Sigmund giggles. "Time to reap what you sow."
Sigmund casts a spell at you. You resist with some effort.
You miss Sigmund.
Sigmund is moderately wounded.
You feel less confused. Sigmund hits you but does no damage.
Sigmund points at you and mumbles some strange words.
You resist with some effort.
Sigmund points at you and mumbles some strange words.
The magic dart hits you.
Sigmund points at you and mumbles some strange words.
The puff of flame hits you but does no damage.
As you read the scroll labelled YSHIEFORRI, it crumbles to dust.
It is a scroll of identify.
You don't have any unidentified items.
Sigmund points at you and mumbles some strange words.
You resist with some effort. Sigmund hits you but does no damage.
Unknown command.
Throw: 15 darts (poison)
Press: ? - help, Q - select action, (/) - cycle Shift-Dir - straight line, f/p - Sigmund
Aim: Sigmund, wielding a +0 scythe and wearing a +0 robe (blue smoke, moderately wounded, fast, 52% to hit)
You throw a poisoned dart.
The poisoned dart barely misses Sigmund.
Sigmund hits you but does no damage. Sigmund hits you with a +0 scythe.
* * * LOW HITPOINT WARNING * * *
Okay, then.
Sigmund hits you but does no damage.
Sigmund hits you from afar with a +0 scythe.
* * * LOW HITPOINT WARNING * * *
Items here: )) [[.
You aren't carrying any potions.
Unknown command.
Sigmund's eyes start glowing with a red light.
Sigmund casts a spell at you.
The magic dart hits you but does no damage.
Sigmund hits you from afar with a +0 scythe.
* * * LOW HITPOINT WARNING * * *
Sigmund hits you from afar with a +0 scythe!
You die...

## #.. #.. # # #.#
#.# #.##.##
#####.... ##
#.#.§(###§....... #.
#...§§§@§§§...... #.
##..§@#########.# #.
#.#.######## #. #
#......... #.
#.######## #. #.# #.
#.# #. #.####
#########) ##....##
##.........
#....#.###...#######


You could see Sigmund (fast).

Vanquished Creatures
  Terence (D:2)
  Robin (D:3)
  4 gnolls (D:2)
  An adder (D:2)
  A worm (D:2)
  3 dart slugs
  6 ball pythons
  8 bats
  5 endoplasms
  2 giant cockroaches
  4 goblins
  4 hobgoblins
  3 frilled lizards
  6 kobolds
  12 rats
61 creatures vanquished.

Notes
Turn   | Place    | Note
-------+----------+-------------------------------------------
     0 | D:1      | SnakkuSnakku7 the Vampire Hedge Wizard began the quest for
                  | the Orb.
     0 | D:1      | Reached XP level 1. HP: 13/13 MP: 4/4
    46 | D:1      | Reached skill level 1 in Hexes
    48 | D:1      | Found a faded altar of an unknown god.
   193 | D:1      | Reached XP level 2. HP: 19/19 MP: 6/6
   205 | D:1      | Learned a level 2 spell: Slow
   475 | D:1      | Reached skill level 1 in Throwing
   864 | D:2      | Gained mutation: You are afflicted with vampirism and can
                  | become a bat while bloodless. [Vampire growth]
   864 | D:2      | Reached XP level 3. HP: 13/24 MP: 7/7
   877 | D:2      | Noticed Terence
   897 | D:2      | Killed Terence
  1042 | D:2      | Reached XP level 4. HP: 18/30 MP: 8/8
  1862 | D:3      | Noticed Robin
  1980 | D:3      | Killed Robin
  1981 | D:3      | Reached skill level 1 in Polearms
  1981 | D:3      | Reached XP level 5. HP: 35/35 MP: 9/9
  1982 | D:3      | Noticed Sigmund
  2000 | D:3      | Slain by Sigmund

Illustrated notes

Levels and vault maps discovered:
D:1:      dpeg_arrival_houses_and_road, layout_loops_ring,
          shapermc_ecumenical_altar_mp_urbaneastern
D:2:      layout_loops_ring, uniq_terence
D:3:      layout_loops_ring, serial_shops, shop, uniq_sigmund, uniq_robin,
          uniq_ijyb

Skill      XL: |  1  2  3  4 |
---------------+-------------+-----
Hexes          | 2 |  2.4
Throwing       | 1 2 3 |  3.3
Polearms       | 1 |  1.0
Dodging        | |  2.1
Stealth        | |  3.0
Spellcasting   | |  3.0
Conjurations   | |  0.6
Summonings     | |  1.0
Translocations | |  0.7

Action                   |  1- 3 |  4- 6 || total
-------------------------+-------+-------++-------
Melee: Dagger            |    91 |       ||    91
       Bite              |    13 |     3 ||    16
       Short sword       |    40 |    43 ||    83
       Halberd           |       |    47 ||    47
Throw: Dart              |    18 |    18 ||    36
 Cast: Magic Dart        |     2 |       ||     2
  Use: Scroll            |     1 |     2 ||     3
       Potion            |       |     1 ||     1
 Stab: Sleeping          |     8 |       ||     8
Armor: Robe              |    27 |       ||    27
       Chain mail        |     9 |    84 ||    93
Dodge: Dodged            |    76 |    21 ||    97
